 Dungeon Crawl Stone Soup version 0.28.0-43-g3370ac3207 (webtiles) character file.

Game seed: 945212571078239653

51 issech the Cudgeller (level 3, -1/36 HPs)
             Began as a Troll Monk on Mar 14, 2022.
             Slain by a gnoll
             ... wielding a +2 halberd of flaming
              (3 damage)
             ... on level 2 of the Dungeon.
             The game lasted 00:02:32 (1198 turns).

issech the Cudgeller (Troll Monk)                   Turns: 1198, Time: 00:02:33

Health: -1/36      AC:  8    Str: 19    XL:     3   Next: 57%
Magic:  2/2        EV: 10    Int:  6    God:
Gold:   73         SH:  0    Dex: 14    Spells: 2/2 levels left

rFire   . . .      SeeInvis .   a - +0 mace
rCold   . . .      Faith    .   (no shield)
rNeg    . . .      Spirit   .   b - +0 robe
rPois   .          Reflect  .   (helmet restricted)
rElec   .          Harm     .   (no cloak)
rCorr   .          Rampage  .   (gloves unavailable)
Will    .....                   (boots unavailable)
Stlth   ++........              i - amulet of regeneration
HPRegen 1.72/turn               e - +4 ring of protection
MPRegen 0.08/turn               (no ring)

@: no status effects
A: large, unfitting armour, claws 3, regeneration 1, shaggy fur 1, tough skin 1
a: no special abilities


You were on level 2 of the Dungeon.
You visited 1 branch of the dungeon, and saw 2 of its levels.

You collected 73 gold pieces.

Inventory:

Hand Weapons
 a - a +0 mace (weapon)
Missiles
 d - 48 bolts
 f - 45 stones (quivered)
Armour
 b - a +0 robe (worn)
Jewellery
 e - a +4 ring of protection (left claw)
 i - an amulet of regeneration (around neck)
Scrolls
 c - 2 scrolls of blinking {unknown}
 h - 2 scrolls of identify {unknown}
Potions
 g - 2 potions of lignification {unknown}


   Skills:
 + Level 2.7 Fighting
 + Level 3.3 Maces & Flails
 + Level 2.9 Dodging
 + Level 1.1 Stealth


You had 2 spell levels left.
You didn't know any spells.
Your spell library was empty.

Dungeon Overview and Level Annotations

Branches:
Dungeon (2/15)

Altars:
Fedhas


Innate Abilities, Weirdness & Mutations

You are too large for most types of armour.
You have claws for hands.
Your natural rate of healing is unusually fast.
You are covered in fur. (AC +1)
You have tough skin. (AC +1)


Message History

You kill the hobgoblin!
Items here: ( ) ††.
The gnoll hits you with a +2 halberd of flaming!
The gnoll burns you.
You hit the gnoll.
The gnoll is moderately wounded.
The gnoll closely misses you.
The gnoll hits you with a +2 halberd of flaming.
The gnoll burns you.
You barely miss the gnoll.
The gnoll is moderately wounded.
The gnoll hits you with a +2 halberd of flaming.
The gnoll burns you.
You hit the gnoll.
The gnoll is heavily wounded.
The gnoll hits you from afar with a +0 spear.
The gnoll hits you but does no damage.
The gnoll hits you from afar with a +0 spear.
You hit the gnoll.
The gnoll is severely wounded.
The gnoll hits you with a +2 halberd of flaming.
The gnoll burns you. The gnoll closely misses you.
You hit the gnoll.
The gnoll is almost dead.
The gnoll barely misses you. The gnoll closely misses you.
The gnoll barely misses you.
You barely miss the gnoll.
The gnoll is almost dead.
The gnoll hits you from afar with a +0 spear!
The gnoll hits you but does no damage.
You hit the gnoll but do no damage.
The gnoll is almost dead.
The gnoll hits you from afar with a +0 spear.
The gnoll barely misses you.
The gnoll hits you from afar with a +0 spear.
* * * LOW HITPOINT WARNING * * *
The gnoll hits you from afar with a +2 halberd of flaming!
* * * LOW HITPOINT WARNING * * *
The gnoll burns you.
You die...

###### .....# #########
.....# #........ .....##
##......... .8....#
#≈≈≈≈...... ......##
#######g≈≈≈...... .......#
##...@.g≈≈≈g≈.....
#......#####..#####≈≈≈≈≈....g
#............## ##≈≈≈≈≈....
#........###### #≈≈≈≈≈....
###.####......######.≈≈≈≈....
#.# #...........##≈≈≈≈≈..#
#.# ##....).....##≈≈≈≈≈...
#.# #...._.....##.≈≈≈≈..#
#.#####.............≈≈≈≈.##


You could see 3 gnolls.

Vanquished Creatures
  A gnoll (D:2)
  An adder zombie (D:2)
  An adder skeleton (D:2)
  2 dart slugs (D:1)
  2 endoplasms
  4 goblins
  3 hobgoblins
  4 jackals (D:1)
  A kobold (D:2)
  2 quokkas (D:1)
  3 bats
  A frilled lizard (D:2)
  2 rats (D:1)
27 creatures vanquished.

Notes
Turn   | Place    | Note
-------+----------+-------------------------------------------
     0 | D:1      | issech the Troll Monk began the quest for the Orb.
     0 | D:1      | Reached XP level 1. HP: 22/22 MP: 0/0
   200 | D:1      | Reached XP level 2. HP: 29/29 MP: 1/1
   474 | D:1      | Reached skill level 3 in Maces & Flails
   978 | D:2      | Found a blossoming altar of Fedhas.
  1070 | D:2      | Found a faded altar of an unknown god.
  1077 | D:2      | Reached XP level 3. HP: 36/36 MP: 2/2
  1198 | D:2      | Slain by a gnoll

Illustrated notes

Levels and vault maps discovered:
D:1:      lightli_arrival_chessboard, layout_loops_corners,
          nrook_mini_backslash, minmay_split_cup_small
D:2:      wander_river, layout_rooms, serial_undead, serial_undead_e,
          serial_undead_d, serial_undead_e, serial_undead_c, serial_undead_f,
          serial_undead_d, basic_altar, hellmonk_ecumenical_altar_prayer_group,
          amcnicky_mini_corridor_feature, kennysheep_generic_room_9,
          uniq_jessica

Skill      XL: |  1  2 |
---------------+-------+-----
Maces & Flails | 3 |  3.3
Fighting       | |  2.7
Dodging        | |  2.9
Stealth        | |  1.1

Action                   || total
-------------------------++-------
Melee: Mace              ||    96
       Punch             ||     1
Armor: Robe              ||    68
Dodge: Dodged            ||    72
